 Dungeon Crawl Stone Soup version 0.19-a0-1855-gb7442ac (webtiles) character file.

385 graki42 the Slinger (level 7, -5/46 HPs)
             Began as a Halfling Hunter on Oct 11, 2016.
             Slain by a river rat (9 damage)
             ... on level 4 of the Dungeon.
             The game lasted 00:12:27 (2941 turns).

graki42 the Slinger (Halfling Hunter)               Turns: 2941, Time: 00:12:27

Health: -5/46      AC:  3    Str: 12 (13) XL:     7   Next: 6%
Magic:  7/7        EV: 16    Int:  9      God:
Gold:   183        SH:  0    Dex: 17      Spells: 1 memorised, 3 levels left

rFire  . . .     SeeInvis +     a - +1 hunting sling
rCold  + . .     Gourm    .     u - +0 robe {rC+}
rNeg   . . .     Faith    .     (shield restricted)
rPois  .         Spirit   .     (no helmet)
rElec  .         Dismiss  .     (no cloak)
rCorr  +         Reflect  .     (no gloves)
MR     .....     Harm     .     q - +0 pair of boots
Stlth  ++........               (no amulet)
                                c - ring of see invisible
                                s - ring of resist corrosion

@: no status effects
A: mutation resistance 1
a: no special abilities


You were on level 4 of the Dungeon.
You were hungry.

You visited 1 branch of the dungeon, and saw 4 of its levels.

You collected 183 gold pieces.

Inventory:

Hand Weapons
 a - a +1 hunting sling (weapon)
 b - a +0 short sword
Missiles
 d - 40 sling bullets
 l - 71 stones (quivered)
Armour
 q - a +0 pair of boots (worn)
 u - a +0 robe of cold resistance (worn)
Jewellery
 c - a ring of see invisible (right hand)
 s - a ring of resist corrosion (left hand)
 v - an uncursed ring of flight
Scrolls
 e - 3 scrolls of remove curse {unknown}
 h - a scroll of fog {unknown}
 i - a scroll of amnesia {unknown}
 m - a scroll of magic mapping {unknown}
 n - a scroll of noise {unknown}
 o - 2 scrolls of teleportation {unknown}
 r - a scroll of identify {unknown}
Potions
 g - 2 potions of curing
Books
 t - a book of Cantrips

   Spells                             Type                      Level
   a - Confusing Touch                Hexes                        1
   b - Animate Skeleton               Necromancy                   1
   c - Summon Small Mammal            Summoning                    1
   d - Apportation                    Translocation                1
 x - a book of Conjurations

   Spells                             Type                      Level
   a - Magic Dart                     Conjuration                  1
   b - Searing Ray                    Conjuration                  2
   c - Dazzling Spray                 Conjuration/Hexes            3
   d - Fulminant Prism                Conjuration/Hexes            4
   e - Iskenderun's Mystic Blast      Conjuration                  4
   f - Iskenderun's Battlesphere      Conjuration/Charms           5
Comestibles
 f - 2 bread rations
 k - a meat ration
 p - a slice of pizza


   Skills:
 + Level 3.1 Fighting
 + Level 2.9 Short Blades
 * Level 8.8 Slings
 + Level 1.4 Armour
 + Level 2.9 Dodging
 + Level 1.9 Stealth


You had 3 spell levels left.
You knew the following spells:

 Your Spells              Type           Power        Failure   Level  Hunger
a - Dazzling Spray        Conj/Hex       #.....       94%         3    ####...


Dungeon Overview and Level Annotations

Branches:
Dungeon (4/15)
 Temple: D:4-7

Altars:


Innate Abilities, Weirdness & Mutations

You are small and have problems with some larger weapons.
You are somewhat resistant to further mutation.


Message History

The stone hits the river rat but does no damage.
The river rat is severely wounded.
You hear the quick rusting of a drain nearby.
The river rat closely misses you.
Firing (i - inventory. (,) - cycle):
l - 73 stones (quivered)
Press: ? - help, Shift-Dir - straight line, f/p - river rat
Aim: a river rat (severely wounded)
You shoot a stone.
The stone hits the river rat but does no damage.
The river rat is severely wounded.
The river rat bites you.
* * * LOW HITPOINT WARNING * * *
Firing (i - inventory. (,) - cycle):
l - 72 stones (quivered)
Press: ? - help, Shift-Dir - straight line, f/p - river rat
Aim: a river rat (severely wounded)
You shoot a stone.
The stone hits the river rat but does no damage.
The river rat is severely wounded.
The river rat bites you!
You die...

####......#.....#.
..........'.....#.
..........#.....#.
.#####'###.....'. ######
#......#.....#.
#....##########......#######.
#............#........# #..
#............#........# #..
#...........@†........# ##.
#..........r(#........# ##.
#...........(##......## #..
#............######### #..
#.......(...(.# #..
#...##.##.....## ##.
#...##+##...(..# ##.
#...'.......#..... #..
#...#.......#≈≈≈.. #..


You could see a river rat.

Vanquished Creatures
  Menkaure (D:4)
  Blork the orc (D:4)
  A howler monkey (D:4)
  A worker ant (D:4)
  6 adders
  A river rat (D:4)
  2 worms
  5 leopard geckos
  3 orcs (D:3)
  2 ball pythons
  7 bats
  3 giant cockroaches
  4 goblins
  8 hobgoblins
  7 kobolds
  2 quokkas
  5 frilled lizards
  9 rats
68 creatures vanquished.

Notes
Turn   | Place    | Note
-------+----------+-------------------------------------------
     0 | D:1      | graki42 the Halfling Hunter began the quest for the Orb.
     0 | D:1      | Reached XP level 1. HP: 14/14 MP: 1/1
   110 | D:1      | Reached skill level 1 in Short Blades
   243 | D:1      | Reached XP level 2. HP: 19/19 MP: 2/2
   475 | D:1      | Reached skill level 6 in Slings
   823 | D:2      | Reached XP level 3. HP: 23/24 MP: 3/3
   873 | D:2      | Found a faded altar of an unknown god.
  1079 | D:2      | Reached skill level 1 in Armour
  1243 | D:2      | Reached XP level 4. HP: 21/30 MP: 4/4
  2315 | D:3      | Learned a level 3 spell: Dazzling Spray
  2316 | D:3      | Reached XP level 5. HP: 35/35 MP: 5/5
  2459 | D:4      | Noticed Menkaure
  2475 | D:4      | Killed Menkaure
  2475 | D:4      | Reached skill level 8 in Slings
  2475 | D:4      | Reached XP level 6. HP: 40/41 MP: 6/6
  2530 | D:4      | Noticed Blork the orc
  2545 | D:4      | Killed Blork the orc
  2847 | D:4      | Reached XP level 7. HP: 15/46 MP: 7/7
  2941 | D:4      | Slain by a river rat

Vault maps used:
D:1:      dpeg_arrival_arbitrary_b, minmay_misc_feat_room
D:2:      ecumenical_altar_2, first_bread, kennysheep_potato
D:4:      portal_sewer_entry_b, uniq_menkaure, uniq_blork_the_orc

Skill      XL: |  1  2  3  4  5  6 |
---------------+-------------------+-----
Short Blades   | 1 2 |  2.9
Fighting       | 2 3 |  3.1
Slings         | 6 8 |  8.8
Armour         | 1 |  1.4
Dodging        | |  2.9
Stealth        | |  1.9

Action                   |  1- 3 |  4- 6 |  7- 9 || total
-------------------------+-------+-------+-------++-------
Melee: Short sword       |   100 |    74 |    14 ||   188
 Fire: Hunting sling     |       |    83 |    23 ||   106
  Use: Potion            |       |     7 |     2 ||     9
 Stab: Sleeping          |     1 |     2 |       ||     3
  Eat: Chunk             |     1 |     5 |       ||     6
Armor: Leather armour    |    22 |     3 |       ||    25
       Robe              |       |    11 |     1 ||    12
       Skin              |       |     3 |       ||     3
Dodge: Dodged            |    73 |    82 |    21 ||   176
